 Dungeon Crawl Stone Soup version 0.30.1-3-gfc49f6343a (webtiles) character file.

Game seed: 7339350710656849548

1588 Wiggles the Cleaver (level 8, 0/109 HPs)
             Began as a Minotaur Berserker on Aug 9, 2023.
             Was a Believer of Trog.
             Slain by a kobold
             ... wielding a +0 dagger of electrocution
              (19 damage)
             ... on level 7 of the Dungeon.
             The game lasted 00:07:30 (4063 turns).

Wiggles the Cleaver (Minotaur Berserker)            Turns: 4063, Time: 00:07:30

Health: 0/109      AC: 15    Str: 24    XL:     8   Next: 61%
Magic:  7/7        EV:  7    Int:  4    God:    Trog [**....]
Gold:   313        SH:  8    Dex: 10    Spells: 7/7 levels left

rFire   + + .        r - +0 war axe
rCold   + . .        A - +0 buckler
rNeg    . . .        w - +0 plate armour
rPois   .            (helmet restricted)
rElec   .            y - +1 cloak
rCorr   .            (no gloves)
SInv    .            F - +0 pair of boots
Will    .....        G - amulet of Raptoj {Reflect rF+ SH+5} Stlth
                     t - ring of protection from fire
HPRegen 0.38/turn    z - ring of protection from cold
MPRegen 0.10/turn

%: reflection
@: brilliant, berserking, slowed
A: horns 2, retaliatory headbutt
a: Renounce Religion, Berserk, Trog's Hand


You were on level 7 of the Dungeon.
You worshipped Trog.
Trog was pleased with you.
You visited 1 branch of the dungeon, and saw 7 of its levels.

You collected 313 gold pieces.

Inventory:

Hand Weapons
 r - a +0 war axe (weapon)
Armour
 w - a +0 plate armour (worn)
 y - a +1 cloak (worn)
 A - a +0 buckler (worn)
 F - a +0 pair of boots (worn)
Jewellery
 p - an amulet of faith
 t - a ring of protection from fire (left hand)
 u - a ring of protection from fire
 z - a ring of protection from cold (right hand)
 G - the amulet of Raptoj (around neck) {Reflect rF+ SH+5}
   (You found it on level 6 of the Dungeon)

   [amulet of reflection]

   It reflects blocked missile attacks.
   rF:        It protects you from fire.
   SH:        It affects your SH (+5).
Wands
 h - a wand of quicksilver (6)
 i - a wand of flame (73)
Scrolls
 b - 2 scrolls of teleportation {unknown}
 d - 8 scrolls of identify {unknown}
 k - 2 scrolls of fear {unknown}
 l - a scroll of poison {unknown}
 m - a scroll of blinking {unknown}
 n - a scroll of fog {unknown}
 o - a scroll of brand weapon {unknown}
 s - a scroll of magic mapping {unknown}
 v - a scroll of noise {unknown}
 x - 2 scrolls of immolation {unknown}
 B - a scroll of amnesia {unknown}
 C - a scroll of torment {unknown}
Potions
 a - a potion of lignification {unknown}
 c - a potion of cancellation {unknown}
 e - a potion of might {unknown}
 f - a potion of brilliance
 g - a potion of curing
 j - 2 potions of attraction {unknown}
 q - a potion of haste {unknown}
 D - a potion of heal wounds {unknown}
 E - a potion of ambrosia {unknown}
 H - a potion of berserk rage {unknown}


   Skills:
 + Level 7.1 Fighting
 + Level 10.2 Axes
 + Level 5.2 Armour
 + Level 3.9 Dodging
 + Level 1.4 Stealth
 + Level 1.0 Shields


You had 7 spell levels left.
You didn't know any spells.
Your spell library was empty.

Dungeon Overview and Level Annotations

Branches:
Dungeon (7/15)             Temple (0/1) D:5

Altars:
Vehumet


Innate Abilities, Weirdness & Mutations

You have a pair of horns on your head.
You reflexively headbutt those who attack you in melee.


Message History

Found a hand axe.
The hornet buzzes angrily.
A kobold brigand comes into view.
It is wielding a +0 whip and quivering curare-tipped darts.
You closely miss the water moccasin. You closely miss the kobold.
The water moccasin bites you but does no damage.
The kobold brigand throws a curare-tipped dart.
The curare-tipped dart hits you.
You are poisoned.
You have difficulty breathing.
You feel yourself slow down.
You closely miss the water moccasin. You miss the kobold.
You feel extremely sick.
The water moccasin bites you but does no damage.
The water moccasin barely misses you. The kobold hits you but does no damage.
You are electrocuted!!
You block the water moccasin's attack.
You are too injured to fight recklessly!
You are too injured to fight recklessly!
You are too injured to fight recklessly!
It was a potion of brilliance.
You feel clever all of a sudden.
You feel very sick. You block the water moccasin's attack.
The kobold hits you but does no damage. x2
The kobold hits you with a +0 dagger of electrocution.
You are electrocuted!!
* * * LOW HITPOINT WARNING * * *
The kobold brigand barely misses you. You furiously retaliate!
You headbutt the kobold brigand. You block the water moccasin's attack.
It was a potion of curing.
You feel better. The water moccasin bites you.
* * * LOW HITPOINT WARNING * * *
The kobold hits you with a +0 short sword.
* * * LOW HITPOINT WARNING * * *
You block the kobold's attack.
The kobold brigand hits you but does no damage.
The water moccasin bites you but does no damage.
A red film seems to cover your vision as you go berserk!
You feel yourself moving faster!
You feel mighty! The water moccasin barely misses you. You furiously retaliate!
You headbutt the water moccasin!! You block the kobold's attack.
The kobold brigand hits you but does no damage.
The kobold hits you but does no damage.
You are electrocuted!!
You die...

### #.)
#.##
#.<#
#@K#
#.SKK#
#..y...
##...###
#...#
#...#
.....
#####


You could see a hornet, a water moccasin, a kobold brigand and 2 kobolds.

Vanquished Creatures
  Grinder (D:4)
  Sigmund (D:2)
  Menkaure (D:6)
  A water moccasin (D:6)
  An orc warrior (D:5)
  Pargi (D:4)
  A black bear (D:5)
  An ice beast (D:4)
  3 scorpions
  Crazy Yiuf (D:5)
  4 orc priests
  An iguana (D:5)
  2 orc wizards (D:5)
  A sleepcap (D:5)
  Robin (D:2)
  9 adders
  A shadow imp (D:5)
  A white imp (D:6)
  An ufetubus (D:4)
  4 worms
  20 orcs
  7 endoplasms
  2 giant cockroaches
  13 goblins
  9 hobgoblins
  8 kobolds
  A quokka (D:2)
  6 ball pythons
  6 bats
  A frilled lizard (D:3)
  5 rats
115 creatures vanquished.

Notes
Turn   | Place    | Note
-------+----------+-------------------------------------------
     0 | D:1      | Wiggles the Minotaur Berserker began the quest for the Orb.
     0 | D:1      | Reached XP level 1. HP: 19/19 MP: 0/0
   371 | D:1      | Reached XP level 2. HP: 21/27 MP: 1/1
   528 | D:1      | Reached skill level 4 in Axes
   569 | D:1      | Found a faded altar of an unknown god.
   903 | D:2      | Reached XP level 3. HP: 34/34 MP: 2/2
   937 | D:2      | Noticed Robin
   952 | D:2      | Killed Robin
   954 | D:2      | Reached ** piety under Trog
   955 | D:2      | Reached XP level 4. HP: 30/41 MP: 3/3
  1180 | D:2      | Noticed Sigmund
  1198 | D:2      | Killed Sigmund
  1199 | D:2      | Reached skill level 5 in Fighting
  1199 | D:2      | Reached skill level 5 in Axes
  1199 | D:2      | Reached XP level 5. HP: 48/48 MP: 4/4
  1331 | D:2      | Reached XP level 6. HP: 56/56 MP: 5/5
  1807 | D:3      | Reached skill level 6 in Axes
  1865 | D:3      | Reached *** piety under Trog
  2237 | D:4      | Noticed Pargi
  2242 | D:4      | Killed Pargi
  2340 | D:4      | Noticed an ice beast
  2348 | D:4      | Killed an ice beast
  2349 | D:4      | Reached skill level 7 in Axes
  2349 | D:4      | Reached skill level 1 in Stealth
  2349 | D:4      | Reached XP level 7. HP: 63/63 MP: 6/6
  2471 | D:4      | Noticed Grinder
  2480 | D:4      | Paralysed by Grinder for 3 turns
  2492 | D:4      | Killed Grinder
  2493 | D:4      | Found a radiant altar of Vehumet.
  2743 | D:5      | Entered Level 5 of the Dungeon
  2743 | D:5      | Found a staircase to the Ecumenical Temple.
  2747 | D:5      | Reached skill level 8 in Axes
  2830 | D:5      | Reached **** piety under Trog
  2831 | D:5      | Reached XP level 8. HP: 66/71 MP: 7/7
  2941 | D:5      | Found a runed translucent door.
  2942 | D:5      | Noticed Crazy Yiuf
  2946 | D:5      | Killed Crazy Yiuf
  2970 | D:5      | Reached skill level 9 in Axes
  3709 | D:6      | Noticed Menkaure
  3717 | D:6      | Killed Menkaure
  3723 | D:6      | Identified the amulet of Raptoj {Reflect rF+ SH+5}
  3774 | D:6      | Reached skill level 10 in Axes
  3774 | D:6      | Reached skill level 5 in Armour
  3791 | D:6      | Reached skill level 1 in Shields
  4058 | D:7      | Noticed a hornet
  4063 | D:7      | Slain by a kobold

Illustrated notes

Levels and vault maps discovered:
D:1:      eino_arrival_water_star, layout_loops_ring,
          dilly_ecumenical_altar_fadedgnrine, glass_columns_a,
          corexii_corridor_pit, corexii_hall_statues_i
D:2:      layout_basic, uniq_robin, uniq_sigmund
D:3:      layout_rooms
D:4:      layout_cave_pools, vehumet_altar_wand_db, uniq_pargi, uniq_grinder
D:5:      layout_rooms, minmay_temple_entry_large_hall, uniq_crazy_yiuf_cottage
D:6:      minmay_skewed_foursquare, layout_layer_cave, uniq_menkaure
D:7:      layout_basic, kennysheep_generic_room_5

Skill      XL: |  1  2  3  4  5  6  7  8 |
---------------+-------------------------+-----
Fighting       | 4 5 6 7 |  7.1
Axes           | 4 5 7 8 10 | 10.2
Armour         | 3 4 5 |  5.2
Dodging        | 3 |  3.9
Stealth        | 1 |  1.4
Shields        | 1 |  1.0

Action                     |  1- 3 |  4- 6 |  7- 9 || total
---------------------------+-------+-------+-------++-------
  Melee: Hand axe          |    53 |    69 |       ||   122
         Headbutt          |     6 |    12 |    18 ||    36
         War axe           |       |    21 |    96 ||   117
         Punch             |       |     3 |       ||     3
 Invoke: Berserk           |     1 |     3 |     1 ||     5
    Use: Potion            |       |       |     2 ||     2
 Armour: Animal skin       |     5 |       |       ||     5
         Leather armour    |     7 |     3 |       ||    10
         Ring mail         |       |    11 |       ||    11
         Plate armour      |       |    20 |    68 ||    88
         Chain mail        |       |     7 |       ||     7
  Dodge: Dodged            |    30 |    54 |    24 ||   108
  Block: Buckler           |       |       |    26 ||    26
